 Dungeon Crawl Stone Soup version 0.19-a0-1704-gbd66c22 (webtiles) character file.

34 GrosslyIncandescent the Insei (level 3, -2/29 HPs)
             Began as a Mummy Monk on Sept 27, 2016.
             Slain by an adder (3 damage)
             ... on level 2 of the Dungeon.
             The game lasted 00:01:16 (2122 turns).

GrosslyIncandescent the Insei (Mummy Monk)          Turns: 2122, Time: 00:01:16

Health: -2/29      AC:  1    Str: 14    XL:     3   Next: 14%
Magic:  3/3        EV: 13    Int:  9    God:
Gold:   92         SH:  0    Dex: 15    Spells: 0 memorised, 2 levels left

rFire  x . .     SeeInvis .       - Unarmed
rCold  + . .     Gourm    .     (no armour)
rNeg   + + +     Faith    .     (no shield)
rPois  ∞         Spirit   .     (no helmet)
rElec  .         Dismiss  .     (no cloak)
rCorr  .         Reflect  .     (no gloves)
MR     .....     Harm     .     (no boots)
Stlth  ++........               (no amulet)
                                (no ring)
                                (no ring)

@: no status effects
A: no food or potions, fire vulnerability, cold resistance 1, negative energy
resistance 3, torment resistance, unbreathing
a: no special abilities


You were on level 2 of the Dungeon.
You were not hungry.

You visited 1 branch of the dungeon, and saw 2 of its levels.

You collected 92 gold pieces.


Innate Abilities, Weirdness & Mutations

You do not eat or drink.
Your flesh is vulnerable to fire.
You are immune to poison.
Your flesh is cold resistant. (rC+)
You are immune to negative energy. (rN+++)
You are immune to unholy pain and torment.
You can survive without breathing.


   Skills:
 - Level 3.0 Fighting
 - Level 2.4 Dodging
 - Level 1.5 Stealth
 + Level 3.5 Unarmed Combat


You had 2 spell levels left.
You didn't know any spells.

Inventory:

Scrolls
 a - 2 scrolls of remove curse {unknown}
 b - a scroll of fog {unknown}
 c - 2 scrolls of identify {unknown}
 d - a scroll of noise {unknown}
 e - a scroll of enchant armour {unknown}

Dungeon Overview and Level Annotations

Branches:
Dungeon (2/15)

Altars:
Vehumet

▒(▒.▒
▒.....▒ ▒
▒.▒.▒
▒...†.▒ ▒▒▒▒
▒.▒.▒
▒.....▒ ▒...
▒.▒.▒
▒▒▒▒▒.▒▒▒...
▒.▒.▒
▒..▒▒... ▒.▒
▒▒.▒▒... ▒.▒
▒.▒▒▒▒▒ ▒.▒
▒.▒▒ ▒ ▒M▒
▒..▒ ▒ ▒S▒
▒▒.▒▒ ▒
▒bl..▒ ▒..▒
▒ ......▒
▒▒.▒▒▒
........▒
▒..▒▒
..........▒
▒▒.▒▒
...<....▒.▒
▒...
......▒▒▒.▒
▒... ......
.▒ ▒▒..


You could see an adder, a bat and a frilled lizard.


Message History

You miss the adder!
The adder is heavily wounded!
The adder closely misses you!
You closely miss the adder!
The adder is heavily wounded!
The adder closely misses you!
You closely miss the adder!
The adder is heavily wounded!
The adder barely misses you!
You barely miss the adder!
The adder is heavily wounded!
The adder bites you! * * * don't die
* * * You closely miss the adder!
The adder is moderately wounded!
The adder barely misses you! The adder closely misses you!
You squash the adder but do no damage!
The adder is moderately wounded!
The adder barely misses you!
You miss the adder!
The adder is moderately wounded!
The adder bites you! * * * don't die
* * * You squash the adder like an ant!
The adder is severely wounded!
The adder misses you!
You closely miss the adder!
The adder is severely wounded!
The adder completely misses you! The adder bites you! rip

Action                   || total
-------------------------++-------
Melee: Unarmed           ||   117
       Punch             ||     1
 Stab: Sleeping          ||     6
Armor: Skin              ||     9
Dodge: Dodged            ||    72

Vault maps used:
D:1:      roderic_dead_forest
D:2:      fiery_altar_vehumet, first_bread, ecumenical_altar_2

Notes
Turn   | Place    | Note
-------+----------+-------------------------------------------
     0 | D:1      | GrosslyIncandescent the Mummy Monk began the quest for the Orb.
     0 | D:1      | Reached XP level 1. HP: 18/18 MP: 1/1
  1073 | D:1      | Reached XP level 2. HP: 22/24 MP: 2/2
  1141 | D:2      | Reached skill level 3 in Unarmed Combat
  1555 | D:2      | Found a faded altar of an unknown god.
  1786 | D:2      | Found a radiant altar of Vehumet.
  1788 | D:2      | Reached XP level 3. HP: 21/29 MP: 3/3
  2120 | D:2      | HP: 1/29 [adder (3)]
  2122 | D:2      | Slain by an adder

Vanquished Creatures
  An adder (D:2)
  2 dart slugs (D:1)
  2 bats (D:2)
  A giant cockroach (D:2)
  A goblin (D:2)
  4 hobgoblins
  A quokka (D:2)
  A frilled lizard (D:2)
  3 kobolds
  5 rats
21 creatures vanquished.

Vanquished Creatures (others)
  A hobgoblin (D:2)
1 creature vanquished.

Grand Total: 22 creatures vanquished
